Selects Panzerjäger Kommand Battlegroup
Construct Light Support Kompanie
Selects GrB 39 Grenade Launcher Requisition
Construct Mechanized Kompanie
Selects Defensive Positions
254 Reconnaissance Tractor
18-tonne Recovery Half-track
Selects Crew Shock Tactics
Selects Elefant Tank Destroyer
Construct Panzerarmee Kommand
254 Reconnaissance Tractor
Selects Defensive Positions
Selects Butterfly Bomb Drop
18-tonne Recovery Half-track